AoeStats
← CC

Arabia

509770217Analyzed
2v2 RM · 5d ago on Sep 28, 2026· 51m 40s· 4 players
Game mode
Random Map
Map size
Medium (4 player)
Population
200
Speed
Normal
Resources
Standard
Victory
Conquest
Starting age
Dark Age
Ending age
Imperial Age
RankedLock teamsTeams togetherTeam positionsShared explorationLock speedFull tech treeHidden civsTurbo modeCheats
Victory
Defeat
🇺🇸 Teutons · United States
882
+11
🇺🇸 Burgundians · United States
882
+11
🇨🇴 Persians · Colombia
829
-12
🇮🇹 Huns · Italy
734
-10
maverik2325
6:29 Loom
13:03 Feudal Age
LRIN_kinhonor83
8:05 Loom
10:14 Feudal Age
10:57 Double-Bit Axe
19:42 Wheelbarrow
20:55 Forging
20:53 Scale Barding Armor
22:51 Castle Age
22:39 Fletching
25:01 Pikeman
27:26 Iron Casting
27:31 Gold Mining
29:05 Chain Barding Armor
28:41 Gambesons
28:53 Elite Skirmisher
29:47 Bodkin Arrow
30:30 Padded Archer Armor
30:39 Husbandry
33:31 Bow Saw
35:34 Gold Shaft Mining
40:17 Leather Archer Armor
44:59 Imperial Age
43:32 Stone Mining
46:21 Blast Furnace
44:53 Cavalier
46:24 Citadels
45:53 Light Cavalry
46:43 Bloodlines
47:50 Hussar
49:04 Squires
CC
11:13 Feudal Age
14:47 Double-Bit Axe
20:30 Castle Age
19:07 Bow Saw
18:38 Horse Collar
20:23 Fletching
20:34 Padded Archer Armor
21:17 Bodkin Arrow
21:30 Crossbowman
22:58 Heavy Plow
28:13 Leather Archer Armor
28:54 Wheelbarrow
28:05 Town Watch
28:15 Pikeman
29:08 Forging
28:59 Scale Mail Armor
33:00 Scale Barding Armor
32:47 Elite Skirmisher
41:20 Imperial Age
39:35 Chain Mail Armor
43:12 Conscription
43:00 Burgundian Vineyards
43:20 Chain Barding Armor
43:05 Bracer
46:25 Chemistry
45:26 Murder Holes
45:52 Ballistics
47:39 Iron Casting
47:25 Chain Barding Armor
47:36 Plate Mail Armor
47:32 Halberdier
48:14 Squires
47:59 Arson
52:45 Blast Furnace
52:21 Plate Barding Armor
RJP
6:08 Loom
10:31 Feudal Age
13:33 Town Watch
14:04 Double-Bit Axe
20:39 Castle Age
19:42 Wheelbarrow
19:00 Stone Mining
20:36 Gold Mining
20:30 Horse Collar
22:03 Heavy Plow
24:15 Stone Shaft Mining
30:27 Hand Cart
30:13 Town Patrol
31:01 Scale Mail Armor
31:11 Forging
30:31 Pikeman
31:11 Squires
32:17 Fervor
33:21 Arson
36:35 Chain Mail Armor
36:55 Iron Casting
36:12 Fletching
36:23 Padded Archer Armor
40:50 Imperial Age
38:43 Bow Saw
41:23 Ironclad
41:52 Fortified Wall
41:53 Masonry
42:05 Ballistics
42:46 Chemistry
41:32 Arrowslits
41:54 Siege Engineers
41:40 Heated Shot
41:41 Guard Tower
41:14 Halberdier
44:20 Two-Man Saw
43:53 Plate Mail Armor
44:24 Blast Furnace
43:40 Leather Archer Armor
43:30 Scale Barding Armor
45:15 Bodkin Arrow
44:45 Man-at-Arms
45:10 Gambesons
45:48 Conscription
45:50 Crenellations
46:08 Hoardings
44:54 Elite Teutonic Knight
45:06 Sappers
46:21 Crop Rotation
46:17 Heavy Scorpion
46:30 Capped Ram
Connection lost

Rejoining the realm…

Still unreachable

The connection could not be restored.

Session expired

The server has moved on; the page needs a fresh start.